 Dungeon Crawl Stone Soup version 0.18.1-6-gd335043 (webtiles) character file.

217 Moloch the Poker (level 5, -10/45 HPs)
             Began as a Hill Orc Fighter on May 19, 2016.
             Killed by nerve-wracking pain
             ... invoked by Grinder
              (12 damage)
             ... on level 3 of the Dungeon.
             The game lasted 00:02:33 (2818 turns).

Moloch the Poker (Hill Orc Fighter)                 Turns: 2818, Time: 00:02:33

Health: -10/45     AC:  8    Str: 20    XL:     5   Next: 94%
Magic:  5/5        EV:  7    Int:  8    God:
Gold:   142        SH:  9    Dex: 10    Spells: 0 memorised, 4 levels left

rFire  . . .     SeeInvis .     a - +0 trident
rCold  . . .     Gourm    .     b - +0 scale mail
rNeg   . . .     Faith    .     c - +0 shield
rPois  .         Spirit   .     (no helmet)
rElec  .         Dismiss  .     q - +0 cloak
rCorr  .         Reflect  .     (no gloves)
SustAt .         Harm     .     (no boots)
MR     .....                    (no amulet)
Stlth  ..........               (no ring)
                                (no ring)

@: not resistant to hostile enchantments, extremely unstealthy
A: no striking features
a: no special abilities


You were on level 3 of the Dungeon.
You were not hungry.

You visited 1 branch of the dungeon, and saw 4 of its levels.

You collected 142 gold pieces.

Inventory:

Hand Weapons
 a - a +0 trident (weapon)
Armour
 b - a +0 scale mail (worn)
 c - a +0 shield (worn)
 q - a +0 cloak (worn)
Scrolls
 e - 5 scrolls of identify {unknown}
 g - a scroll of random uselessness {unknown}
 j - a scroll of remove curse {unknown}
 l - a scroll of fear {unknown}
 n - a scroll of enchant weapon {unknown}
 r - a scroll of enchant armour {unknown}
Potions
 d - a potion of might
 h - 3 potions of degeneration {unknown}
 i - a potion of haste {unknown}
 k - 2 potions of heal wounds {unknown}
 p - a potion of magic {unknown}
 s - a potion of resistance {unknown}
 t - a potion of brilliance {unknown}
Comestibles
 f - 5 bread rations
 m - a meat ration
 o - 3 fruits


   Skills:
 - Level 3.6 Fighting
 * Level 6.5 Polearms
 - Level 3.2 Armour
 - Level 3.2 Shields


You had 4 spell levels left.
You didn't know any spells.

Dungeon Overview and Level Annotations

Branches:
Dungeon (4/15)
 Temple: D:4-7

Altars:
Kikubaaqudgha

Annotations:
D:3 Grinder


Message History

You closely miss Grinder.
Grinder is lightly wounded.
Grinder barely misses you.
You closely miss Grinder.
Grinder is lightly wounded.
Grinder hits you.
You writhe in agony.
You hit Grinder.
Grinder is moderately wounded.
Grinder hits you!
* * * LOW HITPOINT WARNING * * *
You writhe in agony.
* * * LOW HITPOINT WARNING * * *
You are too injured to fight recklessly!
Grinder hits you but does no damage.
You climb upwards.
There is a stone staircase leading down here.
You block Grinder's attack. Grinder gestures at you.
Pain shoots through your body!
You die...

###.#####......#....# #.........
.(.............#....# ##########
..........##...#....# #
.##.####..##...#....######### #
.##.# #..##...#............# #
.##.####..##...#............# #
.##.#.##..##(..#............# #
.##.......##...######.......#####
.####........>5.@...'.......'...+
## #.###.###########.......#####
#.....# ### #.......#####
########## #.# ########.....
#.....# #.# ##...#.....
#.###.###.## #..........
#.##..#....#####..........
########.##..#....'..##..........
#............'....##.##..........


You could see Grinder.

Vanquished Creatures
  The ghost of ThereIsNoGod the Covert, an amateur OpAs (D:3)
  A worker ant (D:3)
  Terence (D:2)
  3 worms
  An orc (D:3)
  3 giant cockroaches
  3 goblins
  6 hobgoblins
  6 jackals
  A quokka (D:3)
  A ball python (D:1)
  7 bats
  2 giant newts (D:3)
  6 kobolds
  3 rats (D:3)
45 creatures vanquished.

Notes
Turn   | Place    | Note
--------------------------------------------------------------
     0 | D:1      | Moloch the Hill Orc Fighter began the quest for the Orb.
     0 | D:1      | Reached XP level 1. HP: 19/19 MP: 1/1
   135 | D:1      | Reached XP level 2. HP: 17/26 MP: 2/2
   265 | D:1      | Reached skill level 3 in Polearms
  1110 | D:2      | Found an ancient bone altar of Kikubaaqudgha.
  1195 | D:2      | Reached XP level 3. HP: 29/31 MP: 3/3
  1421 | D:2      | Noticed Terence
  1434 | D:2      | Killed Terence
  1434 | D:2      | Reached skill level 4 in Polearms
  1863 | D:3      | Noticed ThereIsNoGod's ghost (amateur OpAs)
  1894 | D:3      | Killed ThereIsNoGod's ghost
  1894 | D:3      | Reached skill level 6 in Polearms
  1894 | D:3      | Reached XP level 4. HP: 30/39 MP: 4/4
  1894 | D:3      | Reached XP level 5. HP: 35/45 MP: 5/5
  2796 | D:4      | Noticed Grinder
  2813 | D:4      | HP: 1/45 [Grinder (6)]
  2818 | D:3      | Killed from afar by Grinder

Skill      XL: |  1  2  3 |
---------------+----------+-----
Polearms       | 3 6 |  6.5
Fighting       | |  3.6
Armour         | |  3.2
Shields        | |  3.2

Action                   |  1- 3 |  4- 6 || total
-------------------------+-------+-------++-------
Melee: Trident           |   138 |    78 ||   216
  Eat: Chunk             |     3 |     3 ||     6
Armor: Scale mail        |    61 |    18 ||    79
Dodge: Dodged            |    37 |    12 ||    49
Block: Shield            |    68 |    20 ||    88
